[Event "Team 45 45 League T75"]
[Site "Internet Chess Club"]
[Date "2017.12.31"]
[Round "2"]
[White "sdcohle"]
[Black "g8wrb"]
[Result "1/2-1/2"]
[WhiteElo "1414"]
[BlackElo "1257"]
[Opening "Queen's pawn"]
[ECO "A40"]
[Time "14:15:27"]
[TimeControl "2700+45"]

1. d4 e6 2. Bf4 Nf6 3. Nf3 g6 4. h3 Bg7 5. e3 O-O 6. Bd3 Re8 7. Nbd2 Nc6 8. O-O
b6 9. Re1 Bb7 10. e4 d6 11. e5 dxe5 12. dxe5 Nh5 13. Bh2 Bh8 14. Qe2 Nd4 15. Qe3
Nxf3+ 16. Nxf3 Bxf3 17. Qxf3 c5 18. Rad1 Qg5 19. Bb5 Red8 20. Rd3 Rxd3 21. Qxd3
Rd8 22. Qe2 Nf4 23. Bxf4 Qxf4 24. Bd3 Rd5 25. Qe3 Qxe5 26. Qxe5 Bxe5 27. b3 Bf6
28. Re4 Rd4 29. Re2 Kf8 30. g3 Ke7 31. Kg2 Kd6 32. h4 h5 33. Re3 Ke7 34. Rf3 e5
35. Re3 Kd6 36. Rf3 Ke7 37. Re3 Rd6 38. f4 Rd5 39. Kf3 Kd6 40. Bc4 Rd4 41. fxe5+
Bxe5 42. Bxf7 Rg4 43. Kg2 Bf4 44. Rd3+ Ke7 45. Bd5 g5 46. Kh3 Bd6 47. Re3+ Kd8
48. c3 gxh4 49. gxh4 Be7 50. Re4 Rxe4 51. Bxe4 Ke8 52. Bg6+ Kf8 53. Bxh5 Kg7 54.
c4 Kh6 55. Bf3 Bf6 56. Kg4 Bd4 57. Kf5 Kg7 58. h5 Kf7 59. h6 Bc3 60. Be4 Bf6 61.
Bd3 Bc3 62. Ke4 Ke6 63. h7 Bh8 {Game drawn by mutual agreement} 1/2-1/2

[Event "Team 45 45 League T75"]
[Site "Internet Chess Club"]
[Date "2017.12.28"]
[Round "2"]
[White "SeniorCitizen"]
[Black "Aquaman"]
[Result "1-0"]
[WhiteElo "1331"]
[BlackElo "1245"]
[Opening "Robatsch (modern) defense"]
[ECO "B06"]
[Time "15:30:39"]
[TimeControl "2700+45"]

1. e4 g6 2. d4 d6 3. Nf3 Bg7 4. Be2 Nd7 5. O-O e5 6. d5 Ngf6 7. Nc3 O-O 8. h3
Nc5 9. Bd3 Nxd3 10. Qxd3 b6 11. Bg5 h6 12. Bxf6 Qxf6 13. Qc4 Qe7 14. Nb5 c5 15.
dxc6 Ba6 16. Qd5 Rac8 17. Rfd1 Bxb5 18. Qxb5 Rfd8 19. Rd5 Bf8 20. Rad1 Qc7 21.
c3 f6 22. Kf1 g5 23. Nh2 Qxc6 24. Qxc6 Rxc6 25. Ng4 Kg7 26. Ne3 h5 27. c4 Kf7
28. b4 a6 29. a4 Ke6 30. c5 bxc5 31. bxc5 Be7 32. cxd6 Bxd6 33. Ke2 Rcc8 34. Nf5
h4 35. Nxd6 Rc6 36. Kf3 Rdxd6 37. Kg4 Rb6 38. Rxd6+ Rxd6 39. Rxd6+ Kxd6 40. Kf5
Ke7 41. g3 hxg3 42. fxg3 Kf7 43. h4 a5 44. hxg5 fxg5 45. Kxg5 Ke6 46. g4 Ke7 47.
Kf5 Kd6 48. g5 Ke7 49. Kxe5 Kf7 50. Kf5 {Black resigns} 1-0

[Event "Team 45 45 League T75"]
[Site "Internet Chess Club"]
[Date "2017.12.22"]
[Round "2"]
[White "chuckh2"]
[Black "MartyJR"]
[Result "0-1"]
[WhiteElo "1308"]
[BlackElo "1467"]
[Opening "Queen's pawn, Mason variation"]
[ECO "D00"]
[Time "17:01:10"]
[TimeControl "2700+45"]

1. d4 d5 2. Bf4 c6 3. c3 Bf5 4. Nd2 Nf6 5. e3 e6 6. h3 Bd6 7. Bxd6 Qxd6 8. f4 h6
9. Ngf3 Nbd7 10. Ne5 O-O 11. Ndf3 Ne4 12. Bd3 Ng3 13. Rg1 Nf6 14. Bxf5 Nxf5 15.
Qd3 Ng3 16. Ng4 Nfe4 17. Nf2 c5 18. Nxe4 Nxe4 19. Nd2 Nxd2 20. Kxd2 cxd4 21.
Qxd4 Rac8 22. Rgf1 b6 23. Ke2 Rc4 24. Qd3 Qc7 25. Rac1 Rc8 26. Rfd1 Qc6 27. Kf2
Re4 28. Kf3 Rc4 29. Kf2 Qc5 30. Rc2 Rxf4+ 31. Ke2 Re4 32. Rcd2 Qc4 33. Qxc4
Rexc4 34. Kf3 Kh7 35. g3 Kg6 36. Rd3 Re4 37. b3 Rc7 38. R1d2 Kf6 39. Rd1 Ke7 40.
R1d2 a6 41. Rd1 b5 42. a3 a5 43. R1d2 b4 44. axb4 axb4 45. c4 Re5 46. cxd5 exd5
47. Rd4 Rc3 48. R2d3 Kd6 49. Ke2 Kc5 50. Kd2 Rxd3+ 51. Kxd3 Rf5 52. Rf4 Rxf4 53.
gxf4 f6 54. f5 Kc6 55. Kd4 h5 56. h4 Kd6 57. e4 dxe4 58. Kxe4 Kc5 59. Kd3 Kd5
60. Ke3 Ke5 61. Kd3 Kxf5 62. Kc4 Ke5 63. Kxb4 Kd6 64. Kc4 g5 65. hxg5 fxg5 66.
Kd4 g4 67. b4 g3 68. Ke3 h4 69. Kf3 Kc6 {White resigns} 0-1

[Event "Team 45 45 League T75"]
[Site "Internet Chess Club"]
[Date "2017.12.23"]
[Round "2"]
[White "BrianWood"]
[Black "BrerRabbit"]
[Result "1/2-1/2"]
[WhiteElo "1582"]
[BlackElo "1405"]
[Opening "Old Indian defense"]
[ECO "A54"]
[Time "19:00:59"]
[TimeControl "2700+45"]

1. d4 Nf6 2. c4 d6 3. Nc3 Nbd7 4. Nf3 e5 5. dxe5 dxe5 6. Bg5 Be7 7. e3 O-O 8.
Qc2 c6 9. Rd1 h6 10. Bh4 Qa5 11. a3 Re8 12. h3 Nh5 13. Bxe7 Rxe7 14. Bd3 Nhf6
15. O-O Qc7 16. b4 a5 17. Nd2 Nb6 18. c5 Nbd5 19. b5 Nxc3 20. Qxc3 cxb5 21. Bxb5
Bd7 22. Bxd7 Rxd7 23. Rc1 Nd5 24. Qb2 Ne7 25. Nc4 Rad8 26. Nd6 Nc8 27. Qxe5 Nxd6
28. cxd6 Qxd6 29. Qxa5 Qa6 30. Qxa6 bxa6 31. g4 Rd3 32. a4 Ra3 33. Ra1 Rdd3 34.
Kg2 Rdc3 35. Rfd1 Rxa1 36. Rxa1 g5 37. Rd1 Ra3 38. Rd8+ Kg7 39. Rd4 Ra2 40. Kg3
Ra3 41. h4 Ra2 42. hxg5 hxg5 43. f3 Ra3 44. e4 f6 45. Rc4 Kf7 46. Rc7+ Kg6 47.
Rc4 Kf7 {Game drawn by mutual agreement} 1/2-1/2

[Event "Team 45 45 League T75"]
[Site "Internet Chess Club"]
[Date "2017.12.30"]
[Round "2"]
[White "WzeroMN"]
[Black "guyd52"]
[Result "0-1"]
[WhiteElo "1143"]
[BlackElo "1311"]
[Opening "Robatsch defense: Geller's system"]
[ECO "B07"]
[Time "18:01:03"]
[TimeControl "2700+45"]

1. e4 d6 2. d4 g6 3. Nf3 Bg7 4. c3 Nf6 5. Bd3 O-O 6. h3 Nbd7 7. O-O e5 8. Bg5
Qe8 9. Qd2 a6 10. Bh6 b5 11. Bxg7 Kxg7 12. b4 exd4 13. cxd4 Bb7 14. Nc3 c6 15.
Rfe1 Qd8 16. e5 dxe5 17. Nxe5 Nb6 18. Nf3 Qd6 19. a3 a5 20. Ne4 Nxe4 21. Rxe4
axb4 22. Qb2 bxa3 23. Qc3 Nd5 24. Qc1 b4 25. Bc4 Rfe8 26. Rh4 h5 27. Ng5 Nc3 28.
Bxf7 Ne2+ 29. Kf1 Nxc1 30. Rxc1 Qh2 31. Nf3 Qh1+ 32. Ng1 Ba6+ {White resigns}
0-1

[Event "Team 45 45 League T75"]
[Site "Internet Chess Club"]
[Date "2017.12.23"]
[Round "2"]
[White "Packerfan"]
[Black "primerpaso"]
[Result "1-0"]
[WhiteElo "1800"]
[BlackElo "1820"]
[Opening "Sicilian: Alapin's variation (2.c3)"]
[ECO "B22"]
[Time "10:07:18"]
[TimeControl "2700+45"]

1. e4 c5 2. c3 d5 3. exd5 Qxd5 4. d4 Nf6 5. Nf3 Bg4 6. Be2 e6 7. O-O Be7 8. c4
Qd6 9. dxc5 Qxd1 10. Rxd1 Bxc5 11. Nc3 O-O 12. h3 Bh5 13. Bf4 Nc6 14. a3 a5 15.
Na4 Be7 16. Nb6 Rad8 17. Bc7 Rxd1+ 18. Rxd1 Bd8 19. Bxd8 Rxd8 20. Rxd8+ Nxd8 21.
g4 Bg6 22. Nd4 Nc6 23. Nxc6 bxc6 24. Bf3 Be4 25. Bxe4 Nxe4 26. Kf1 Kf8 27. Ke2
Ke7 28. Ke3 Nd6 29. c5 Nb7 30. Kd4 e5+ 31. Kc4 Kd8 32. b4 axb4 33. axb4 Kc7 34.
Kd3 Nd8 35. Ke4 f6 36. g5 fxg5 37. Kxe5 Nf7+ 38. Kf5 Kb7 39. Nc4 Kc7 40. Ne5 Nd8
41. Kxg5 Kb7 42. f4 Ka6 43. Kf5 Kb5 44. Nd3 Kc4 45. Ke4 Ne6 46. h4 Nc7 47. f5
Nd5 48. Nf4 Nxf4 49. Kxf4 Kxb4 50. Ke5 Kxc5 51. h5 h6 52. Ke6 Kb4 53. Kf7 c5 54.
Kxg7 c4 55. f6 c3 56. f7 c2 57. f8=Q+ {Black resigns} 1-0

[Event "Team 45 45 League T75"]
[Site "Internet Chess Club"]
[Date "2017.12.21"]
[Round "2"]
[White "andrew37"]
[Black "kutch"]
[Result "1/2-1/2"]
[WhiteElo "1693"]
[BlackElo "1588"]
[Opening "QGD Slav: 4.Nc3"]
[ECO "D15"]
[Time "20:06:29"]
[TimeControl "2700+45"]

1. c4 Nf6 2. Nf3 c6 3. d4 d5 4. Nc3 Bf5 5. Qb3 Qb6 6. h3 e6 7. Bf4 Nbd7 8. e3
Be7 9. Be2 Ne4 10. O-O Ndf6 11. Be5 O-O 12. g4 Nxc3 13. bxc3 Bg6 14. Nd2 Ne4 15.
Nxe4 Bxe4 16. f3 Bg6 17. c5 Qxb3 18. axb3 f6 19. Bg3 Rfe8 20. Ra2 Bf8 21. Rfa1
a6 22. c4 e5 23. cxd5 exd4 24. dxc6 bxc6 25. exd4 a5 26. Bc4+ Bf7 27. Rxa5 Rxa5
28. Rxa5 g6 29. Bxf7+ Kxf7 30. Ra7+ Re7 31. Rxe7+ Bxe7 32. Kf2 Ke6 33. Ke3 Kd5
34. Bc7 Bf8 35. Bd8 Bg7 36. Ba5 f5 37. Bc3 fxg4 38. fxg4 Bf6 39. Kd3 Bg5 40. Be1
Bf6 41. Bf2 Bg7 42. Be3 h5 43. gxh5 gxh5 44. Bf2 Bf6 45. b4 Bg7 46. Kc3 Bf6 47.
Kd3 Bg7 48. Kc3 Bf6 49. Bg1 Bg7 50. b5 cxb5 51. Kb4 Kc6 52. Ka5 Bf6 53. d5+ Kxd5
54. Kxb5 Be5 55. Kb6 Ke4 56. Bf2 Kf3 57. Be1 h4 58. Bxh4 Kg2 59. c6 Kxh3 60. Bf6
Bf4 61. Kb7 Kg4 62. Bd8 Kf5 63. Bc7 Bd2 64. Bd6 Ba5 65. Bb4 Bd8 66. Kc8 Bb6 67.
Kd7 Ke5 68. Bd6+ Kd5 69. Bc7 Bc5 70. Bg3 Bb6 71. Be1 Bd8 72. Bb4 Bb6 73. Be1 Bd8
74. Bh4 Bb6 75. Be7 Ba5 76. Bd6 Bb6 77. Bb8 Ba5 {Game drawn by mutual agreement}
1/2-1/2

[Event "Team 45 45 League T75"]
[Site "Internet Chess Club"]
[Date "2017.12.27"]
[Round "2"]
[White "tryanything"]
[Black "QuieroAprender"]
[Result "0-1"]
[WhiteElo "1556"]
[BlackElo "1556"]
[Opening "Giuoco Piano"]
[ECO "C50"]
[Time "19:24:44"]
[TimeControl "2700+45"]

1. e4 e5 2. Nf3 Nc6 3. Bc4 Bc5 4. O-O Nf6 5. d4 Bxd4 6. Nxd4 Nxd4 7. Nc3 O-O 8.
Bg5 h6 9. Bh4 c6 10. f4 Qe7 11. fxe5 Qxe5 12. Bxf6 gxf6 13. Bd3 d6 14. Rb1 Kh8
15. Ne2 Bg4 16. c3 Nxe2+ 17. Bxe2 Bxe2 18. Qxe2 Rae8 19. Qf3 Re6 20. Qf4 Qg5 21.
h4 Qg6 22. Qf5 Kg7 23. Rf4 Qxf5 24. exf5 Re2 25. Rf2 Rfe8 26. Kf1 Rxf2+ 27. Kxf2
Re5 28. g4 h5 29. Kf3 Kh6 30. Rd1 d5 31. Rd2 hxg4+ 32. Kxg4 Re4+ 33. Kg3 Kh5 34.
Rd4 Re2 35. Rb4 b6 36. a4 c5 37. Rb5 Re3+ 38. Kf4 Re4+ 39. Kf3 Rxa4 {White
resigns} 0-1

[Event "Team 45 45 League T75"]
[Site "Internet Chess Club"]
[Date "2018.01.02"]
[Round "2"]
[White "Ludlow"]
[Black "clarinetref"]
[Result "1/2-1/2"]
[WhiteElo "1367"]
[BlackElo "1490"]
[Opening "Modern defense"]
[ECO "A40"]
[Time "08:01:18"]
[TimeControl "2700+45"]

1. d4 g6 2. Bf4 Bg7 3. Nf3 c5 4. c3 Qb6 5. Qb3 d6 6. e3 Nf6 7. Nbd2 O-O 8. Qxb6
axb6 9. Bd3 Be6 10. a3 Nh5 11. Bg5 Nf6 12. O-O Nc6 13. c4 cxd4 14. exd4 d5 15.
Rfe1 dxc4 16. Bxc4 Bxc4 17. Nxc4 Nd5 18. Rad1 h6 19. Bc1 Kh7 20. g3 b5 21. Nce5
b4 22. Nxc6 bxc6 23. axb4 e6 24. Bd2 Rab8 25. Ne5 Bxe5 26. dxe5 Nxb4 27. Bxb4
Rxb4 28. Rd2 Rfb8 29. Ree2 c5 30. Rc2 c4 31. Kg2 g5 32. h3 Kg6 33. g4 R8b5 34.
f3 h5 35. Kf2 hxg4 36. hxg4 f5 {Game drawn by mutual agreement} 1/2-1/2

[Event "Team 45 45 League T75"]
[Site "Internet Chess Club"]
[Date "2017.12.24"]
[Round "2"]
[White "Fianchettoed"]
[Black "justice02"]
[Result "1-0"]
[WhiteElo "1779"]
[BlackElo "1631"]
[Opening "QGD Slav defense"]
[ECO "D10"]
[Time "10:01:15"]
[TimeControl "2700+45"]

1. d4 d5 2. c4 c6 3. g3 Nf6 4. Nf3 Nbd7 5. Qc2 g6 6. Bg2 Bg7 7. O-O O-O 8. cxd5
cxd5 9. Nc3 a6 10. Bf4 Nb6 11. Ne5 Be6 12. Rac1 Rc8 13. Rfd1 Nh5 14. Be3 f6 15.
Nd3 Nc4 16. Nf4 Nxe3 17. Nxe6 Nxc2 18. Nxd8 Rxc3 19. Bxd5+ Kh8 20. bxc3 Rxd8 21.
Bxb7 Na3 22. Bxa6 f5 23. e3 Nf6 24. c4 Ra8 25. Bb7 Ra4 26. c5 Nc4 27. Bc6 Rb4
28. a4 Na5 29. Bb5 Nd5 30. c6 Nc7 31. Rb1 Rxb1 32. Rxb1 e5 33. dxe5 Bxe5 34. Rd1
g5 35. f4 Bf6 36. Rd7 Nxc6 37. Bxc6 Na6 38. Rf7 Bc3 39. Rxf5 gxf4 40. gxf4 Nb4
41. Be4 Kg7 42. a5 Bd2 43. Kf2 Na6 44. Rb5 Nc7 45. Rc5 Na6 46. Rc6 Nb8 47. Rb6
{Black resigns} 1-0

[Event "Team 45 45 League T75"]
[Site "Internet Chess Club"]
[Date "2017.12.22"]
[Round "2"]
[White "Grenadier"]
[Black "bookseller"]
[Result "1-0"]
[WhiteElo "1615"]
[BlackElo "1672"]
[Opening "Bishop's opening: Berlin defense"]
[ECO "C24"]
[Time "20:04:11"]
[TimeControl "2700+45"]

1. e4 e5 2. Bc4 Nf6 3. d3 c6 4. Bb3 d5 5. Nf3 Bd6 6. Bg5 dxe4 7. dxe4 Bb4+ 8. c3
Qxd1+ 9. Bxd1 Bd6 10. Nbd2 Bg4 11. Nc4 Bc7 12. Bc2 Nbd7 13. O-O-O O-O-O 14. Nd6+
Bxd6 15. Rxd6 Ne8 16. Rd2 f6 17. Be3 Nb6 18. Rxd8+ Kxd8 19. Rd1+ Kc7 20. b3 Nd6
21. c4 Ndc8 22. h3 Be6 23. Nh4 Nd7 24. Nf5 g6 25. Ng3 a5 26. a4 Nd6 27. f4 Bf7
28. fxe5 Nxe5 29. Rf1 Ne8 30. Bd4 Be6 31. Rxf6 Nxf6 32. Bxe5+ Kd7 33. Bxf6 Rf8
34. e5 {Black resigns} 1-0

[Event "Team 45 45 League T75"]
[Site "Internet Chess Club"]
[Date "2017.12.26"]
[Round "2"]
[White "bradleyguo175"]
[Black "GoIrish"]
[Result "1-0"]
[WhiteElo "1776"]
[BlackElo "1475"]
[Opening "King's Indian: orthodox, Aronin-Taimanov, bayonet attack"]
[ECO "E97"]
[Time "20:00:44"]
[TimeControl "2700+45"]

1. d4 Nf6 2. c4 g6 3. Nc3 Bg7 4. e4 d6 5. Nf3 O-O 6. Be2 e5 7. O-O Nc6 8. d5 Ne7
9. b4 Ne8 10. c5 f5 11. Nd2 f4 12. f3 g5 13. Nc4 Ng6 14. a4 h5 15. Ba3 Rf7 16.
b5 Bf8 17. c6 b6 18. a5 Nf6 19. Qa4 g4 20. axb6 cxb6 21. Qd1 gxf3 22. Bxf3 Nh4
23. Kh1 Rg7 24. Qe2 Ng4 25. h3 Nxf3 26. Rxf3 Qg5 27. Bxd6 Bxd6 28. Nxd6 Ne3 29.
Nxc8 Rxc8 30. d6 Qf6 31. d7 Ra8 32. Qxe3 {Black resigns} 1-0

[Event "Team 45 45 League T75"]
[Site "Internet Chess Club"]
[Date "2017.12.23"]
[Round "2"]
[White "bmw2002"]
[Black "anishio"]
[Result "0-1"]
[WhiteElo "1488"]
[BlackElo "1636"]
[Opening "Neo-Grünfeld, 6.cd Nxd5, 7.O-O"]
[ECO "D74"]
[Time "22:07:28"]
[TimeControl "2700+45"]

1. c4 Nf6 2. g3 g6 3. Bg2 d5 4. cxd5 Nxd5 5. Nf3 Bg7 6. d4 O-O 7. O-O c6 8. Nc3
Nxc3 9. bxc3 Nd7 10. e4 Nb6 11. Rb1 Be6 12. a4 Qd7 13. Ng5 Bc4 14. Re1 h6 15.
Nf3 Be6 16. Nd2 Rab8 17. a5 Nc4 18. Nb3 Qc7 19. Bf4 Nd6 20. Ra1 g5 21. Be3 Nc4
22. Nc5 Bc8 23. Qa4 Nxe3 24. Rxe3 b6 25. axb6 axb6 26. Na6 Bxa6 27. Qxa6 b5 28.
e5 Rb6 29. Qa2 c5 30. Bd5 e6 31. Be4 cxd4 32. cxd4 Rd8 33. Qb2 Qc4 34. Rd1 Bxe5
35. Bd3 Qxd4 36. Qxd4 Bxd4 37. Rf3 Kg7 38. Kf1 e5 39. Rb1 b4 40. Bc4 f6 41. Rfb3
Bc3 42. Rxc3 bxc3 43. Rxb6 c2 44. Rb7+ Kh8 45. Be6 c1=Q+ 46. Kg2 Qc6+ {White
resigns} 0-1

[Event "Team 45 45 League T75"]
[Site "Internet Chess Club"]
[Date "2017.12.30"]
[Round "2"]
[White "calsal"]
[Black "ascoli"]
[Result "1-0"]
[WhiteElo "1714"]
[BlackElo "1693"]
[Opening "French: advance, Milner-Barry gambit"]
[ECO "B22"]
[Time "10:14:10"]
[TimeControl "2700+45"]

1. e4 c5 2. c3 e6 3. d4 d5 4. e5 Nc6 5. Nf3 Qb6 6. Bd3 Bd7 7. O-O cxd4 8. cxd4
Nxd4 9. Nxd4 Qxd4 10. Nc3 a6 11. Re1 Bc5 12. Be3 Qb4 13. a3 Qb6 14. Na4 Bxa4 15.
Qxa4+ Kf8 16. Bxc5+ Qxc5 17. Rac1 Qb6 18. Qd7 Rd8 19. Rc8 Rxc8 20. Qxc8+ Ke7 21.
Rc1 Qd8 22. Qxb7+ {Black resigns} 1-0

[Event "Team 45 45 League T75"]
[Site "Internet Chess Club"]
[Date "2017.12.20"]
[Round "2"]
[White "Portola"]
[Black "SirIvanhoe"]
[Result "1/2-1/2"]
[WhiteElo "1727"]
[BlackElo "1532"]
[Opening "Torre attack (Tartakower variation)"]
[ECO "D03"]
[Time "19:04:08"]
[TimeControl "2700+45"]

1. d4 d5 2. Nf3 Nf6 3. Bg5 Ne4 4. Bh4 c5 5. e3 Nc6 6. c3 Qb6 7. Qb3 e6 8. Nbd2
Nxd2 9. Nxd2 c4 10. Qxb6 axb6 11. Be2 Be7 12. Bxe7 Kxe7 13. O-O b5 14. a3 Bd7
15. Bf3 f5 16. g3 g5 17. Bg2 g4 18. f3 h5 19. e4 Kd6 20. exf5 exf5 21. f4 Rhe8
22. Rfe1 Rxe1+ 23. Rxe1 Re8 24. Rxe8 Bxe8 25. Nf1 Bf7 26. Ne3 Be6 {Game drawn by
mutual agreement} 1/2-1/2

[Event "Team 45 45 League T75"]
[Site "Internet Chess Club"]
[Date "2017.12.23"]
[Round "2"]
[White "Chess4Him"]
[Black "zethhon"]
[Result "1-0"]
[WhiteElo "1547"]
[BlackElo "1380"]
[Opening "QGD: 6.Nf3"]
[ECO "D55"]
[Time "21:31:10"]
[TimeControl "2700+45"]

1. d4 Nf6 2. c4 e6 3. Nc3 d5 4. Bg5 Be7 5. Nf3 O-O 6. e3 b6 7. Bd3 Bb7 8. Rc1
Nbd7 9. O-O c5 10. cxd5 Nxd5 11. Bxe7 Qxe7 12. a3 N7f6 13. Re1 Rfd8 14. e4 Nf4
15. Bc4 cxd4 16. Nxd4 e5 17. Nd5 exd4 18. Nxe7+ Kf8 19. Nd5 N4xd5 20. exd5 Nxd5
21. Qf3 Rab8 22. Qd3 Nf4 23. Qxh7 Ng6 24. Bd3 Rd6 25. Bxg6 fxg6 26. Qh8+ Kf7 27.
Rc7+ Kf6 28. Qxg7+ Kf5 29. Qe5+ Kg4 30. h3+ Kh4 31. Rh7# {Black checkmated} 1-0

[Event "Team 45 45 League T75"]
[Site "Internet Chess Club"]
[Date "2017.12.31"]
[Round "2"]
[White "mambo99"]
[Black "UrsaMajor"]
[Result "1-0"]
[WhiteElo "1485"]
[BlackElo "1487"]
[Opening "Ruy Lopez: Anderssen variation"]
[ECO "C77"]
[Time "09:04:27"]
[TimeControl "2700+45"]

1. e4 e5 2. Nf3 Nc6 3. Bb5 a6 4. Ba4 Nf6 5. d3 b5 6. Bb3 Be7 7. O-O O-O 8. h3
Bb7 9. Re1 d6 10. c3 Na5 11. Bc2 c5 12. Nbd2 Ne8 13. d4 f6 14. Nf1 Nc6 15. d5
Nb8 16. Ng3 c4 17. Nh4 Nd7 18. Ngf5 Nc5 19. Qg4 Bc8 20. Qg3 Kh8 21. Qf3 g5 22.
Nxe7 Qxe7 23. Nf5 Bxf5 24. Qxf5 Ng7 25. Qf3 f5 26. exf5 h6 27. g4 Nd7 28. Kg2
Nf6 29. Be4 Nge8 30. Be3 Rb8 31. Rad1 Nc7 32. Rh1 Kg7 33. h4 Nxe4 34. Qxe4 Rh8
35. hxg5 hxg5 36. Qf3 Qf6 37. Rxh8 Rxh8 38. Rh1 Rxh1 39. Kxh1 Qh6+ 40. Kg2 Kf6
41. Bb6 Ne8 42. Bd8+ Kf7 43. Qe3 Nf6 44. Qa7+ Kg8 45. Bxf6 Qxf6 46. Qxa6 {Black
resigns} 1-0

[Event "Team 45 45 League T75"]
[Site "Internet Chess Club"]
[Date "2017.12.24"]
[Round "2"]
[White "LookImYourVader"]
[Black "rookbattery"]
[Result "1-0"]
[WhiteElo "1790"]
[BlackElo "1606"]
[Opening "Center game"]
[ECO "C21"]
[Time "16:01:23"]
[TimeControl "2700+45"]

1. e4 e5 2. d4 exd4 3. Nf3 Bc5 4. Bc4 Nc6 5. Bg5 Nge7 6. Nbd2 O-O 7. Nb3 Bb4+ 8.
Bd2 d5 9. exd5 Nxd5 10. O-O Nb6 11. Bb5 Bxd2 12. Qxd2 Bd7 13. Nc5 a6 14. Nxd7
Qxd7 15. Bxc6 Qxc6 16. Qxd4 Rad8 17. Qf4 Nd5 18. Qc1 Nb4 19. c3 Nd3 20. Qc2 Rfe8
21. Rad1 Qg6 22. Nd4 c5 23. Qxd3 Qxd3 24. Rxd3 cxd4 25. Rfd1 Kf8 26. Kf1 Re6 27.
Rxd4 Rxd4 28. cxd4 Rc6 29. Ke2 Ke7 30. Kd3 Kd6 31. h4 Kd5 32. Re1 Re6 33. Rxe6
Kxe6 34. Kc4 Kd6 35. a4 b6 36. g4 g6 37. g5 Kc6 38. d5+ Kd6 39. Kd4 b5 40. axb5
axb5 41. b4 {Black resigns} 1-0

[Event "Team 45 45 League T75"]
[Site "Internet Chess Club"]
[Date "2018.01.02"]
[Round "2"]
[White "RD1974"]
[Black "a-man"]
[Result "0-1"]
[WhiteElo "1631"]
[BlackElo "1704"]
[Opening "Sicilian: closed, 2...Nc6"]
[ECO "B23"]
[Time "11:00:22"]
[TimeControl "2700+45"]

1. e4 c5 2. Nc3 Nc6 3. d3 g6 4. Be3 d6 5. Nf3 Bg7 6. h3 Nf6 7. Qd2 O-O 8. Bh6 a6
9. Bxg7 Kxg7 10. Ne2 b5 11. g4 d5 12. g5 Nh5 13. Qc3+ d4 14. Qxc5 Bb7 15. Nfxd4
Rc8 16. Nxc6 Rxc6 17. Qd4+ Qxd4 18. Nxd4 Rc5 19. Kd2 Rxg5 20. h4 Rc5 21. Be2 Nf4
22. Rh2 Rfc8 23. c3 Rd8 24. Ke3 Nxe2 25. Nxe2 Rc7 26. Rg1 h5 27. f4 Kh7 28. Ng3
e6 29. Ne2 f5 30. Nd4 Re7 31. e5 Bd5 32. a3 Rc7 33. Rh3 Rg8 34. Rhg3 Kh6 35. Kd2
Rc5 36. Nc2 a5 37. b4 axb4 38. axb4 Rc7 39. Ne3 Bc6 40. c4 Ra7 41. Kc3 bxc4 42.
Nxc4 Bd5 43. b5 Rb7 44. Nd6 Rc7+ 45. Kb4 Rc2 46. Ra1 Rb2+ 47. Kc3 Rb3+ 48. Kc2
Rg7 49. Rb1 Rc7+ 50. Kd2 Rxb1 51. Ne8 Rb7 52. d4 Rb3 53. Rg1 R7xb5 54. Ra1 Rb2+
55. Kc1 Ba2 56. Nd6 Rb1+ 57. Kc2 Rxa1 58. Nxb5 Rh1 59. Kb2 Bd5 60. Nc7 Rxh4 61.
Nxd5 exd5 62. Kc3 Rxf4 63. Kb4 Rxd4+ 64. Kc5 Re4 65. Kxd5 h4 {White resigns} 0-1

[Event "Team 45 45 League T75"]
[Site "Internet Chess Club"]
[Date "2017.12.20"]
[Round "2"]
[White "RonaldoR"]
[Black "Gojira"]
[Result "1-0"]
[WhiteElo "1591"]
[BlackElo "1605"]
[Opening "Sicilian: Grand Prix attack"]
[ECO "B23"]
[Time "19:01:36"]
[TimeControl "2700+45"]

1. e4 c5 2. Nc3 Nc6 3. f4 g6 4. Nf3 Bg7 5. Bc4 e6 6. d3 Nge7 7. O-O O-O 8. Qe1
d5 9. Bb3 a6 10. a4 b6 11. f5 dxe4 12. dxe4 exf5 13. Qh4 h5 14. Bg5 Be6 15. Rad1
Qc7 16. Nd5 Qa7 17. Nxe7+ Nxe7 18. Bxe7 c4 19. Bxf8 Rxf8 20. Ba2 fxe4 21. Qxe4
Bxb2 22. Kh1 b5 23. Ng5 Bf5 24. Qd5 Bf6 25. h4 Qe3 26. Rxf5 gxf5 27. Qxf5 Bxg5
28. hxg5 Qe2 29. Rf1 Qe7 30. axb5 {Black resigns} 1-0

[Event "Team 45 45 League T75"]
[Site "Internet Chess Club"]
[Date "2018.01.06"]
[Round "2"]
[White "Konstantinos"]
[Black "MartyJR"]
[Result "1-0"]
[WhiteElo "1644"]
[BlackElo "1471"]
[Opening "Sicilian: accelerated fianchetto, modern variation"]
[ECO "B34"]
[Time "09:31:05"]
[TimeControl "2700+45"]

1. e4 c5 2. Nc3 Nc6 3. Nf3 g6 4. d4 cxd4 5. Nxd4 Bg7 6. Nxc6 bxc6 7. Bc4 d6 8.
Qf3 Nf6 9. O-O O-O 10. e5 dxe5 11. Qxc6 Bd7 12. Qf3 Rc8 13. Bb3 Bc6 14. Qe3 Qd4
15. Rd1 Qxe3 16. Bxe3 a6 17. Bc5 Rfe8 18. Ba3 Ne4 19. Nxe4 Bxe4 20. c3 Bf6 21.
Rd2 Red8 22. Rad1 Rxd2 23. Rxd2 Bc6 24. Bd5 Bxd5 25. Rxd5 e6 26. Rd6 Ra8 27. Rd7
Rd8 28. Rxd8+ Bxd8 29. Bd6 e4 30. c4 Kg7 31. c5 Kf6 32. c6 Be7 33. c7 Bxd6 34.
c8=Q {Black resigns} 1-0

[Event "Team 45 45 League T75"]
[Site "Internet Chess Club"]
[Date "2017.12.23"]
[Round "2"]
[White "nidusin2"]
[Black "idjit"]
[Result "0-1"]
[WhiteElo "1521"]
[BlackElo "1668"]
[Opening "Queen's pawn: London system"]
[ECO "A45"]
[Time "11:02:18"]
[TimeControl "2700+45"]

1. d4 Nf6 2. Bf4 e6 3. e3 b6 4. Nf3 Bb7 5. c4 Be7 6. Nc3 O-O 7. h3 d5 8. Bd3 c5
9. cxd5 Nxd5 10. Bh2 cxd4 11. Nxd5 Qxd5 12. e4 Qa5+ 13. Nd2 Nd7 14. O-O e5 15.
a3 b5 16. b4 Qb6 17. Qe2 a6 18. Rac1 Rac8 19. Nf3 f6 20. Nh4 Qe6 21. Nf5 g6 22.
Nxe7+ Qxe7 23. Qa2+ Qf7 24. Qe2 Rc6 25. Rxc6 Bxc6 26. Bb1 Kg7 27. Ba2 Qe7 28.
Rc1 Rc8 29. Qd3 Bxe4 30. Qd2 Rxc1+ 31. Qxc1 Nb6 32. h4 Bd5 33. Bb1 Nc4 34. h5 e4
35. hxg6 hxg6 36. Ba2 d3 37. Bxc4 bxc4 38. Bf4 Qd7 39. Be3 Qg4 40. Qc3 Qe6 41.
Qd4 Kf7 42. Qa7+ Ke8 43. Qb8+ Kd7 44. Qa7+ Kd8 45. Qb8+ Ke7 46. Bc5+ Kd7 47.
Qa7+ Kc8 48. Be3 c3 49. Qc5+ Qc6 50. Qf8+ Kb7 51. Bf4 Qc8 52. Qe7+ Ka8 53. Be3
Bb7 54. Qxf6 c2 55. Qb6 c1=Q+ {White resigns} 0-1

[Event "Team 45 45 League T75"]
[Site "Internet Chess Club"]
[Date "2018.01.06"]
[Round "2"]
[White "bardu"]
[Black "stanbeers"]
[Result "0-1"]
[WhiteElo "1349"]
[BlackElo "1371"]
[Opening "Nimzo-Indian: classical variation"]
[ECO "E32"]
[Time "20:01:20"]
[TimeControl "2700+45"]

1. d4 Nf6 2. c4 e6 3. Nc3 Bb4 4. Qc2 O-O 5. e3 d5 6. cxd5 Bxc3+ 7. Qxc3 Ne4 8.
Qc2 exd5 9. Bd3 f5 10. Ne2 Nc6 11. Nc3 Re8 12. Qb3 Nxc3 13. bxc3 b6 14. c4 Kh8
15. cxd5 Nxd4 16. Qc4 c5 17. dxc6 b5 18. Qc5 Nf3+ 19. gxf3 Qxd3 20. Qd4 Qxd4
{White resigns} 0-1

[Event "Team 45 45 League T75"]
[Site "Internet Chess Club"]
[Date "2017.12.21"]
[Round "2"]
[White "rhayder"]
[Black "Toalla"]
[Result "1/2-1/2"]
[WhiteElo "1140"]
[BlackElo "1209"]
[Opening "Sicilian: Scheveningen, English variation"]
[ECO "B90"]
[Time "17:19:21"]
[TimeControl "2700+45"]

1. e4 c5 2. Nf3 d6 3. d4 cxd4 4. Nxd4 Nf6 5. Nc3 a6 6. Be3 e6 7. Qd2 b5 8. Be2
Bb7 9. f3 Nbd7 10. O-O-O Rc8 11. Nb3 Nc5 12. Nxc5 dxc5 13. Qxd8+ Rxd8 14. Rxd8+
Kxd8 15. Rd1+ Kc7 16. Bf4+ Kc8 17. e5 Nd5 18. Nxd5 Bxd5 19. Kb1 Be7 20. Be3 Rd8
21. f4 g6 22. b3 Bxg2 23. Rxd8+ Kxd8 24. Kc1 Bd5 25. h3 h5 26. Bf1 Kc7 27. Kd2
Kc6 28. c4 bxc4 29. Bxc4 Bxc4 30. bxc4 Kb6 31. Kc3 Ka5 32. Kb3 Kb6 33. Ka4 Bh4
34. Bd2 Bf2 35. Ba5+ Kc6 36. Bd2 Kb6 37. Ba5+ Kc6 38. Bd2 Kb6 39. Ba5+ Kc6 {Game
drawn by repetition} 1/2-1/2